 Dungeon Crawl Stone Soup version 0.27-a0-1154-gfdeffcb720 (webtiles) character file.

Game seed: 12784418863775489640

1820 leviel the Grappler (level 8, 0/79 HPs)
             Began as a Troll Monk on May 14, 2021.
             Succumbed to a gnoll sergeant's poison
             ... on level 6 of the Dungeon.
             The game lasted 00:06:28 (4401 turns).

leviel the Grappler (Troll Monk)                    Turns: 4401, Time: 00:06:29

Health: 0/79       AC:  4    Str: 22    XL:     8   Next: 85%
Magic:  7/7        EV:  9    Int:  6    God:
Gold:   167        SH:  9    Dex: 12    Spells: 7/7 levels left

rFire    . . .     SeeInvis .     - Unarmed
rCold    . . .     Faith    .   g - +0 kite shield
rNeg     + . .     Spirit   .   a - +0 robe
rPois    .         Reflect  .   (helmet restricted)
rElec    .         Harm     .   (no cloak)
rCorr    .         Rampage  .   (gloves unavailable)
Will     .....                  (boots unavailable)
Stlth    ++........             (no amulet)
HPRegen  1.23/turn              v - ring of positive energy
MPRegen  0.10/turn              (no ring)

@: lethally poisoned (0 -> -1)
A: large, unfitting armour, claws 3, regeneration 1, shaggy fur 1, tough skin 1
a: no special abilities


You were on level 6 of the Dungeon.
You visited 1 branch of the dungeon, and saw 6 of its levels.

You collected 167 gold pieces.

Inventory:

Missiles
 n - 4 silver javelins (quivered)
 p - 2 throwing nets
Armour
 a - a +0 robe (worn)
 g - a +0 kite shield (worn)
Jewellery
 u - a ring of flight
 v - a ring of positive energy (left claw)
Wands
 c - a wand of iceblast (11)
 o - a wand of paralysis (7)
Scrolls
 b - 3 scrolls of teleportation
 d - a scroll of torment {unknown}
 e - 2 scrolls of noise {unknown}
 f - 2 scrolls of enchant armour {unknown}
 h - a scroll of silence {unknown}
 i - a scroll of immolation {unknown}
 j - 4 scrolls of amnesia {unknown}
 m - 4 scrolls of magic mapping {unknown}
 q - 2 scrolls of identify {unknown}
 t - a scroll of summoning {unknown}
Potions
 k - 3 potions of attraction {unknown}
 l - a potion of resistance {unknown}
 r - a potion of curing
 s - a potion of cancellation {unknown}


   Skills:
 + Level 4.3 Fighting
 + Level 4.7 Dodging
 + Level 2.2 Stealth
 + Level 2.9 Shields
 + Level 8.4 Unarmed Combat


You had 7 spell levels left.
You didn't know any spells.
Your spell library contained the following spells:

 Spells                   Type           Power      Damage    Failure   Level
 Corona                   Hex            0%         N/A       88%         1
 Corpse Rot               Necr/Air       N/A        N/A       95%         2
 Slow                     Hex            0%         N/A       95%         2
 Sublimation of Blood     Necr           0%         N/A       95%         2
 Inner Flame              Hex/Fire       0%         N/A       99%         3
 Portal Projectile        Hex/Tloc       0%         N/A       99%         3
 Cause Fear               Hex            0%         N/A       100%        4
 Dispel Undead            Necr           0%         3d6       100%        4
 Leda's Liquefaction      Hex/Erth       0%         N/A       100%        4
 Agony                    Necr           0%         N/A       100%        5
 Excruciating Wounds      Necr           0%         N/A       100%        5


Dungeon Overview and Level Annotations

Branches:
Dungeon (6/15)
 Temple: D:4-7

Altars:

Shops:
D:1 =:?


Innate Abilities, Weirdness & Mutations

You are too large for most types of armour.
You have claws for hands.
Your natural rate of healing is unusually fast.
You are covered in fur. (AC +1)
You have tough skin. (AC +1)


Message History

You are too injured to fight recklessly!
You are too injured to fight recklessly!
You are too injured to fight recklessly!
You are too injured to fight recklessly!
You are too injured to fight recklessly!
You are too injured to fight recklessly!
You are too injured to fight recklessly!
You are too injured to fight recklessly!
You are too injured to fight recklessly!
You are too injured to fight recklessly!
You are too injured to fight recklessly!
You closely miss the gnoll sergeant. You block the gnoll sergeant's attack.
You block the gnoll's attack. The gnoll closely misses you.
The gnoll sergeant hits you from afar with a +2 spear of venom.
You are poisoned.
You feel very sick. You block the gnoll sergeant's attack.
The gnoll hits you from afar with a +0 halberd!
* * * LOW HITPOINT WARNING * * *
Things that are here:
a +0 club; a gnoll corpse You scratch the gnoll sergeant but do no damage.
You feel sick. You block the gnoll's attack.
The gnoll sergeant hits you with a +2 spear of venom!
* * * LOW HITPOINT WARNING * * *
You are more poisoned.
You block the gnoll's attack.
You scratch the gnoll sergeant.
The gnoll sergeant is lightly wounded.
You feel very sick.
The gnoll hits you from afar with a +0 spear.
* * * LOW HITPOINT WARNING * * *
You block the gnoll sergeant's attack. You block the gnoll's attack.
You mangle the gnoll sergeant!!
The gnoll sergeant is severely wounded.
You feel very sick. The gnoll sergeant barely misses you.
You block the gnoll's attack.
The gnoll hits you from afar with a +0 halberd.
* * * LOW HITPOINT WARNING * * *
You die...

..'......'....)..#.##.#.# #..#
###......###.....#....#.######..#
######## #.....#.##...........#
####### #.....#......######..#
#.....# #.....#..............#
#.....# #.....####.#.....##..#
#.....# #.....# #.#.#...##..#
##.....######g########...........
.'.....'.....gg)@..# #..#).###...
##.....#####.g####.###..#).####..
.'.....'........................>
##.....######.###...##...........
#.....# #g.# ...##..#.####..#
##.....#### ##.# . +......#.....
..........####g# ##..#.......#
...............g..g.#...........#
..####..........g...##(.##.#.##.#


You could see a gnoll sergeant and 3 gnolls.

Vanquished Creatures
  Grinder (D:3)
  An ice beast (D:5)
  An orc warrior (D:6)
  2 black bears (D:5)
  3 necrophages
  3 ogres
  A phantom (D:5)
  A scorpion (D:5)
  3 bullfrog skeletons
  A jelly (D:4)
  A gnoll shaman (D:6)
  4 orc wizards
  An iguana (D:5)
  Ijyb (D:4)
  A howler monkey zombie (D:5)
  13 gnolls
  10 adders
  An adder skeleton (D:4)
  3 worms
  15 orcs
  9 ball pythons
  5 endoplasms
  5 giant cockroaches
  4 goblins
  2 hobgoblins
  5 kobolds
  2 quokkas
  4 bats
  2 frilled lizards
  4 rats
109 creatures vanquished.

Notes
Turn   | Place    | Note
-------+----------+-------------------------------------------
     0 | D:1      | leviel the Troll Monk began the quest for the Orb.
     0 | D:1      | Reached XP level 1. HP: 22/22 MP: 0/0
   124 | D:1      | Found Qefrofaf's Jewellery Emporium.
   193 | D:1      | Reached XP level 2. HP: 29/29 MP: 1/1
   202 | D:1      | Found Vusas's Magic Scroll Shop.
   229 | D:1      | Found Xoleni's Book Emporium.
   514 | D:2      | Found a faded altar of an unknown god.
   833 | D:2      | Reached XP level 3. HP: 30/36 MP: 2/2
  1032 | D:3      | Reached XP level 4. HP: 15/44 MP: 3/3
  1083 | D:3      | Noticed Grinder
  1113 | D:3      | Paralysed by Grinder for 4 turns
  1126 | D:3      | Killed Grinder
  1127 | D:3      | Reached skill level 1 in Shields
  1127 | D:3      | Reached skill level 4 in Unarmed Combat
  1127 | D:3      | Reached XP level 5. HP: 24/53 MP: 4/4
  1127 | D:3      | Reached XP level 6. HP: 28/61 MP: 5/5
  1286 | D:3      | Reached skill level 5 in Unarmed Combat
  2185 | D:4      | Noticed Ijyb
  2192 | D:4      | Killed Ijyb
  2255 | D:4      | Reached XP level 7. HP: 67/67 MP: 6/6
  2599 | D:5      | Entered Level 5 of the Dungeon
  2710 | D:5      | Reached skill level 6 in Unarmed Combat
  3304 | D:5      | Reached XP level 8. HP: 67/76 MP: 7/7
  3364 | D:5      | Reached skill level 7 in Unarmed Combat
  3995 | D:6      | Reached skill level 8 in Unarmed Combat
  4400 | D:6      | HP: 1/79 [gnoll/+0 halberd (3)]
  4401 | D:6      | Succumbed to a gnoll sergeant's poison

Illustrated notes

Levels and vault maps discovered:
D:1:      tarquinn_simple_flora_water_d, layout_rooms, serial_shops, shop,
          nicolae_shop_waterfront, nicolae_shop_stone
D:2:      layout_basic, basic_ecumenical_altar
D:3:      layout_rooms, uniq_grinder
D:4:      layout_basic, uniq_ijyb
D:5:      layout_loops_corners
D:6:      layout_basic, minmay_temple_entry_hall, corner_web_ring, uniq_sigmund

Skill      XL: |  1  2  3  4  5  6  7  8 |
---------------+-------------------------+-----
Dodging        | 3 4 |  4.7
Fighting       | 3 4 |  4.3
Shields        | 1 2 |  2.9
Unarmed Combat | 4 5 6 8 |  8.4
Stealth        | 2 |  2.2

Action                   |  1- 3 |  4- 6 |  7- 9 || total
-------------------------+-------+-------+-------++-------
Melee: Unarmed           |    48 |   135 |   158 ||   341
  Use: Scroll            |     1 |       |       ||     1
       Potion            |       |     5 |       ||     5
 Stab: Sleeping          |     3 |     2 |     2 ||     7
Armor: Robe              |     9 |    28 |    29 ||    66
Dodge: Dodged            |    16 |    40 |    58 ||   114
Block: Kite shield       |     8 |    47 |    68 ||   123

Table legend: (Time is in decaauts)
 A = Elapsed time spent in this place.
 B = Non-inter-level travel time spent in this place.
 C = Inter-level travel time spent in this place.
 D = Time resting spent in this place.
 E = Time spent auto-exploring this place.
 F = Levels seen in this place.
 G = Mean time per level.
                   A        B        C        D        E       F      G
               +--------+--------+--------+--------+--------+-----+--------+
         Total |   4444 |   4225 |    219 |    679 |   2746 |   6 |  740.7 |
       Dungeon |   4444 |   4225 |    219 |    679 |   2746 |   6 |  740.7 |
               +--------+--------+--------+--------+--------+-----+--------+

Top non-repeatable levels by time:
     D:5: 1238 daAuts
     D:4: 902 daAuts
     D:3: 711 daAuts
     D:6: 574 daAuts
     D:1: 515 daAuts
     D:2: 502 daAuts
